 Dungeon Crawl Stone Soup version 0.24-a0-537-g2d01d4ab0a (webtiles) character file.

Game seed: 16183921397427907918

5789 Peloso the Carver (level 10, -1/86 HPs)
             Began as a Minotaur Fighter on Aug 16, 2019.
             Was a Priest of Okawaru.
             Slain by Erolcha
             ... wielding a +0 giant spiked club
              (22 damage)
             ... on level 9 of the Dungeon.
             The game lasted 00:21:15 (9003 turns).

Peloso the Carver (Minotaur Fighter)                Turns: 9003, Time: 00:21:15

Health: -1/86      AC: 18    Str: 23    XL:     10   Next: 50%
Magic:  10/10      EV:  9    Int:  5    God:    Okawaru [***...]
Gold:   656        SH: 13    Dex: 11    Spells: 9/9 levels left

rFire    . . .     SeeInvis .   a - +2 long sword
rCold    + . .     Gourm    .   c - +1 shield
rNeg     . . .     Faith    .   b - +4 chain mail
rPois    +         Spirit   .   (helmet restricted)
rElec    .         Reflect  .   u - +2 cloak {rPois}
rCorr    .         Harm     .   (no gloves)
MR       .....                  (no boots)
Stlth    ..........             (no amulet)
HPRegen  0.24/turn              k - ring of protection from cold
MPRegen  0.12/turn              (no ring)

@: no status effects
A: retaliatory headbutt, horns 2
a: Heroism, Renounce Religion


You were on level 9 of the Dungeon.
You worshipped Okawaru.
Okawaru was most pleased with you.
You were not hungry.

You visited 2 branches of the dungeon, and saw 10 of its levels.
You also visited: Sewer.

You collected 656 gold pieces.

Inventory:

Hand Weapons
 a - a +2 long sword (weapon)
Armour
 b - a +4 chain mail (worn)
 c - a +1 shield (worn)
 u - a +2 cloak of poison resistance (worn)
Jewellery
 k - a ring of protection from cold (left hand)
 m - an uncursed ring of fire
 C - an uncursed ring of positive energy {unknown}
Wands
 n - a wand of polymorph (18)
 o - a wand of paralysis (16)
 v - a wand of acid (5)
 y - a wand of flame (83)
 z - a wand of scattershot (4)
 F - a wand of random effects (16)
Scrolls
 g - 4 scrolls of magic mapping
 h - 2 scrolls of fog
 i - 5 scrolls of teleportation
 l - 4 scrolls of remove curse
 t - a scroll of amnesia
 B - 2 scrolls of identify
Potions
 d - 4 potions of might
 e - 6 potions of curing
 j - 2 potions of ambrosia
 p - 5 potions of flight
 q - 3 potions of heal wounds
 r - a potion of invisibility {unknown}
 s - 3 potions of agility {unknown}
 w - a potion of brilliance {unknown}
 x - a potion of degeneration {unknown}
 D - 2 potions of berserk rage {unknown}
Miscellaneous
 E - a phial of floods
Comestibles
 f - 20 rations
 A - 10 chunks of flesh


   Skills:
 + Level 7.3 Fighting
 + Level 11.2 Long Blades
 + Level 9.4 Armour
 + Level 3.5 Dodging
 + Level 1.5 Stealth
 + Level 10.1 Shields
 + Level 0.2 Invocations
 + Level 1.6 Evocations


You had 9 spell levels left.
You didn't know any spells.
Your spell library contained the following spells:

 Spells                   Type           Power        Failure   Level  Hunger
 Shock                    Conj/Air       #...         99%         1    ##.....
 Swiftness                Chrm/Air       #.......     100%        2    ###....
 Static Discharge         Conj/Air       #.......     100%        3    ####...
 Airstrike                Air            #.........   100%        4    #####..
 Lightning Bolt           Conj/Air       #.........   100%        5    ######.


Dungeon Overview and Level Annotations

Branches:
Dungeon (9/15)             Temple (1/1) D:7             Orc (0/2) D:9
   Lair: D:8-11

Altars:
Ashenzari
Cheibriados
Dithmenos
Elyvilon
Fedhas
Gozag
Hepliaklqana
Kikubaaqudgha
Makhleb
Nemelex Xobeh
Okawaru
Ru
Sif Muna
Trog
Uskayaw
Wu Jian
Yredelemnul
Zin
The Shining One
Beogh

Shops:
D:6 (}   D:8 *

Annotations:
D:7 2 runed translucent doors, Arang's ghost, novice BaSu
D:9 Erolcha


Innate Abilities, Weirdness & Mutations

You reflexively headbutt those who attack you in melee.
You have a pair of horns on your head.


Message History

You block Erolcha's attack.
You hit Erolcha but do no damage. You headbutt Erolcha!
Erolcha is severely wounded.
Erolcha hits you with a +0 giant spiked club!
You hit Erolcha but do no damage.
Erolcha is severely wounded.
You slash Erolcha! You headbutt Erolcha.
Erolcha is almost dead.
Erolcha hits you with a +0 giant spiked club!
* * * LOW HITPOINT WARNING * * *
Your chain mail prevents you from hitting Erolcha.
Erolcha is almost dead.
You block Erolcha's attack.
Your shield and chain mail prevent you from hitting Erolcha.
Your headbutt misses Erolcha.
Erolcha is almost dead.
Your shield and chain mail prevent you from hitting Erolcha.
Erolcha is almost dead.
Erolcha hits you with a +0 giant spiked club!!
You die...

..# #[# #.
#.#
####.####
#'####
#.......#
.....#
##.>.....#
.....#
.>.......#
.....#
#(......#
.....+
#....O..#
.....#
###@#
.....#
#...#
###..#
###.###
####.###
#...#
.......#
##'######
.......#
#.......#
.).....#
#.......#
.......#
#.......#
.......#
#.......#


You could see Erolcha.

Vanquished Creatures
  An unseen horror (D:9)
  Maurice (D:9)
  A troll (D:9)
  Sigmund (D:2)
  A spriggan (D:8)
  A wraith (D:9)
  4 yaks (D:9)
  A hungry ghost (D:7)
  A water moccasin (D:6)
  2 sky beasts
  3 ice beasts
  3 orc warriors (D:9)
  A phantom (D:8)
  7 ogres
  2 centaurs
  A crocodile (D:8)
  Blork the orc (D:6)
  A big kobold (Sewer)
  A bullfrog (D:8)
  A gnoll sergeant (D:9)
  2 jellies (D:9)
  4 scorpions
  3 killer bees (D:8)
  4 wights (D:9)
  A howler monkey (D:7)
  3 crimson imps
  A bullfrog zombie (D:7)
  A hound (D:6)
  A centaur skeleton (D:4)
  2 centaur zombies (D:7)
  An orc priest (D:9)
  Crazy Yiuf (D:2)
  2 bullfrog skeletons
  A gnoll shaman (D:4)
  Terence (D:2)
  An iguana (D:4)
  4 worker ants
  A hound skeleton (D:4)
  7 gnolls
  A howler monkey skeleton (D:3)
  6 adders
  4 river rats
  2 oozes
  An adder zombie (D:7)
  3 adder skeletons
  6 worms
  5 dart slugs
  4 leopard geckos (D:1)
  24 orcs
  7 giant cockroaches
  2 goblins
  11 hobgoblins
  9 jackals
  17 kobolds
  A quokka (D:8)
  3 ball pythons
  12 bats
  10 frilled lizards
  A jackal skeleton (D:4)
  A quokka skeleton (D:6)
  A quokka zombie (D:5)
  13 rats
  3 rat zombies (D:6)
  2 plants (D:4)
225 creatures vanquished.

Notes
Turn   | Place    | Note
-------+----------+-------------------------------------------
     0 | D:1      | Peloso the Minotaur Fighter began the quest for the Orb.
     0 | D:1      | Reached XP level 1. HP: 19/19 MP: 0/0
    90 | D:1      | Reached XP level 2. HP: 19/27 MP: 1/1
   253 | D:1      | Reached XP level 3. HP: 30/33 MP: 2/2
   529 | D:2      | Reached skill level 3 in Long Blades
   538 | D:2      | Noticed Terence
   546 | D:2      | Killed Terence
   546 | D:2      | Reached XP level 4. HP: 32/40 MP: 3/3
   624 | D:2      | Reached skill level 4 in Long Blades
   879 | D:2      | Found a shattered altar of Ashenzari.
   879 | D:2      | Found an opulent altar of Gozag.
   880 | D:2      | Found an ornate altar of the Wu Jian Council.
   882 | D:2      | Found a white marble altar of Elyvilon.
   882 | D:2      | Noticed Sigmund
  1294 | D:3      | Reached skill level 1 in Dodging
  1294 | D:3      | Reached XP level 5. HP: 23/47 MP: 4/4
  2428 | D:4      | Reached skill level 5 in Shields
  2436 | D:4      | Reached XP level 6. HP: 55/55 MP: 5/5
  2667 | D:4      | Reached skill level 5 in Long Blades
  2852 | D:4      | Found a glowing drain.
  2868 | Sewer    | Entered a sewer
  2993 | Sewer    | Reached skill level 5 in Fighting
  3030 | Sewer    | Found a white marble altar of Elyvilon.
  3874 | D:2      | Found a runed translucent door.
  3875 | D:2      | Noticed Crazy Yiuf
  3988 | D:2      | Killed Sigmund
  3988 | D:2      | Reached skill level 6 in Long Blades
  3988 | D:2      | Reached skill level 5 in Armour
  3988 | D:2      | Reached XP level 7. HP: 61/61 MP: 6/6
  4151 | D:2      | Killed Crazy Yiuf
  4264 | D:5      | Entered Level 5 of the Dungeon
  4375 | D:5      | Found a burning altar of Makhleb.
  4440 | D:5      | Reached skill level 7 in Long Blades
  4463 | D:5      | Noticed a green death
  4484 | D:5      | Reached XP level 8. HP: 69/69 MP: 7/7
  5352 | D:6      | Noticed Blork the orc
  5366 | D:6      | Killed Blork the orc
  5706 | D:6      | Found Xiqoofeff's Gadget Emporium.
  5792 | D:6      | Found Kairchuc's Weapon Emporium.
  5886 | D:6      | Reached skill level 8 in Long Blades
  5887 | D:6      | Found an ancient bone altar of Kikubaaqudgha.
  6126 | D:7      | Found a staircase to the Ecumenical Temple.
  6139 | Temple   | Entered the Ecumenical Temple
  6196 | Temple   | Became a worshipper of Warmaster Okawaru
  6621 | D:7      | Found a large runed translucent door.
  6622 | D:7      | Found a large runed translucent door.
  6626 | D:7      | Noticed Arang's ghost (novice BaSu)
  6918 | D:8      | Reached * piety under Okawaru
  6918 | D:8      | Reached XP level 9. HP: 71/75 MP: 8/8
  7069 | D:8      | Reached skill level 9 in Long Blades
  7089 | D:8      | Found a shadowy altar of Dithmenos.
  7463 | D:8      | Found a sparkling altar of Nemelex Xobeh.
  7682 | D:8      | Found Yteil's Assorted Antiques.
  7824 | D:9      | Killed an unseen horror
  7824 | D:9      | Reached ** piety under Okawaru
  7824 | D:9      | Reached skill level 10 in Long Blades
  8111 | D:9      | Reached skill level 1 in Evocations
  8215 | D:9      | Noticed a troll
  8231 | D:9      | Killed a troll
  8231 | D:9      | Reached skill level 1 in Stealth
  8231 | D:9      | Reached XP level 10. HP: 63/86 MP: 10/10
  8348 | D:9      | Found a roughly hewn altar of Beogh.
  8805 | D:9      | Reached *** piety under Okawaru
  8812 | D:9      | Noticed Maurice
  8820 | D:9      | Killed Maurice
  8873 | D:9      | Reached skill level 10 in Shields
  8884 | D:9      | Reached skill level 11 in Long Blades
  8947 | D:9      | Found a staircase to the Orcish Mines.
  8993 | D:9      | Noticed Erolcha
  9003 | D:9      | Slain by Erolcha

Levels and vault maps discovered:
D:1:      dpeg_arrival_long_road, layout_basic, minmay_tetromino_i2
D:2:      layout_basic, grunt_temple_overflow_open, minmay_statues_item,
          uniq_sigmund, uniq_terence, uniq_crazy_yiuf_cottage
D:3:      corexii_shack_village, layout_basic, amethyst_killhole, dk_vineyard_1,
          st_stairs_9
D:4:      layout_basic, first_ration, portal_sewer_entry_b,
          kennysheep_cross_room, hex_medium, saegor_snake_ambush
D:5:      layout_layer_cave, hex_large, makhleb_altar_promises_db
D:6:      layout_basic, lemuel_zombie_altar_kikubaaqudgha, serial_shops,
          shop_fountains, nicolae_shop_statue_plus, uniq_blork_the_orc
D:7:      layout_basic, minmay_temple_entry_statues, ebering_ghost_disaster_area
D:8:      layout_loops_ring, lemuel_round_altar, kennysheep_mini_moat,
          serial_shops, kennysheep_mini, the_bakery
D:9:      layout_roguey [special_room_orc], orc_0_dummy, uniq_maurice,
          uniq_erolcha
Temple:   regret_index_temple_waves

Skill      XL: |  1  2  3  4  5  6  7  8  9 10 |
---------------+-------------------------------+-----
Fighting       | 4 5 6 7 |  7.3
Shields        | 4 5 6 7 8 10 | 10.1
Long Blades    | 3 4 6 7 8 10 11 | 11.2
Armour         | 4 5 7 9 |  9.4
Dodging        | 1 2 3 |  3.5
Evocations     | 1 |  1.6
Stealth        | 1 |  1.5
Invocations    | |  0.2

Action                   |  1- 3 |  4- 6 |  7- 9 | 10-12 || total
-------------------------+-------+-------+-------+-------++-------
Melee: Long sword        |    68 |   258 |   305 |   170 ||   801
       Headbutt          |    12 |    46 |    56 |    41 ||   155
Invok: Heroism           |       |       |     1 |     2 ||     3
Evoke: Wand              |       |       |     5 |     1 ||     6
  Use: Scroll            |     6 |     2 |    10 |       ||    18
       Potion            |     1 |       |       |       ||     1
 Stab: Paralysed         |       |       |       |     5 ||     5
  Eat: Chunk             |       |     7 |     6 |     2 ||    15
       Ration            |       |     1 |     3 |       ||     4
Armor: Scale mail        |    49 |    24 |       |       ||    73
       Chain mail        |       |   113 |   179 |    34 ||   326
Dodge: Dodged            |    33 |    75 |    64 |    30 ||   202
Block: Shield            |    46 |   169 |   193 |    89 ||   497
       Rpst.: Long sword |     9 |    23 |    13 |     5 ||    50

Table legend:
 A = Non-vault XP
 B = Vault XP
 C = Vault XP percentage of total XP
 D = Non-vault monster count
 E = Vault monster count
 F = Vault count percentage of total count
                 A         B        C        D         E       F
            +---------+---------+-------+---------+---------+-------
      Total |    6245 |    2026 |  24.5 |     154 |      69 |  30.9
            +---------+---------+-------+---------+---------+-------
        D:1 |      61 |       3 |   4.7 |      29 |       2 |   6.5
        D:2 |     103 |     307 |  74.9 |      29 |       3 |   9.4
        D:3 |      36 |      43 |  54.4 |      13 |      13 |  50.0
        D:4 |     263 |      32 |  10.8 |      17 |       7 |  29.2
        D:5 |     443 |       0 |   0.0 |       6 |       0 |   0.0
        D:6 |     244 |     103 |  29.7 |       5 |       4 |  44.4
        D:7 |     787 |       0 |   0.0 |      12 |       0 |   0.0
        D:8 |     730 |     220 |  23.2 |      14 |       1 |   6.7
        D:9 |    3372 |    1180 |  25.9 |      27 |      26 |  49.1
     Temple |     206 |       0 |   0.0 |       2 |       0 |   0.0
      Sewer |       0 |     138 | 100.0 |       0 |      13 | 100.0
            +---------+---------+-------+---------+---------+-------
